 Dungeon Crawl Stone Soup version 0.28.0-53-g5a82cb258f (webtiles) character file.

Game seed: 9663520395610465974

28 Infinimo the Cudgeller (level 3, -4/40 HPs)
             Began as an Ogre Gladiator on May 29, 2022.
             Succumbed to a scorpion's poison
             ... on level 2 of the Dungeon.
             The game lasted 00:01:36 (910 turns).

Infinimo the Cudgeller (Ogre Gladiator)              Turns: 910, Time: 00:01:37

Health: -4/40      AC:  3    Str: 19 (20) XL:     3   Next: 12%
Magic:  3/3        EV: 10    Int:  6 (9)  God:
Gold:   20         SH:  0    Dex:  7 (10) Spells: 2/2 levels left

rFire   . . .      SeeInvis .   a - +0 flail
rCold   + . .      Faith    .   (no shield)
rNeg    . . .      Spirit   .   b - +0 robe
rPois   .          Reflect  .   c - +0 hat
rElec   .          Harm     .   (no cloak)
rCorr   .          Rampage  .   (gloves unavailable)
Will    .....                   (boots unavailable)
Stlth   ++........              (no amulet)
HPRegen 0.13/turn               (no ring)
MPRegen 0.08/turn               (no ring)

@: lethally poisoned (-4 -> -21)
A: large, unfitting armour, tough skin 1, camouflage 1, cold resistance 1,
robust 1
a: no special abilities


You were on level 2 of the Dungeon.
You visited 1 branch of the dungeon, and saw 2 of its levels.

You collected 20 gold pieces.

Inventory:

Hand Weapons
 a - a +0 flail (weapon)
 e - a +0 hunting sling
Missiles
 d - 3 throwing nets (quivered)
Armour
 b - a +0 robe (worn)
 c - a +0 hat (worn)
Scrolls
 f - a scroll of holy word {unknown}
 g - 3 scrolls of magic mapping {unknown}
 i - 3 scrolls of identify {unknown}
 k - a scroll of teleportation {unknown}


   Skills:
 + Level 3.2 Fighting
 * Level 3.3 Maces & Flails
 - Level 2.0 Throwing
 + Level 3.0 Dodging


You had 2 spell levels left.
You didn't know any spells.
Your spell library contained the following spells:

 Spells                   Type           Power      Damage    Failure   Level
 Ensorcelled Hibernation  Hex/Ice        0%         N/A       58%         2
 Passwall                 Tmut/Erth      0%         N/A       58%         2
 Sublimation of Blood     Necr           0%         N/A       58%         2
 Wereblood                Tmut           0%         N/A       58%         2
 Swiftness                Air            0%         N/A       83%         3
 Summon Hydra             Summ           0%         N/A       100%        7


Dungeon Overview and Level Annotations

Branches:
Dungeon (2/15)

Altars:


Innate Abilities, Weirdness & Mutations

You are too large for most types of armour.
You have tough skin. (AC +1)
Your skin changes colour to match your surroundings (Stealth+).
Your flesh is cold resistant. (rC+)
You are robust. (+10% HP)


Message History

a +0 dagger; a +2 dagger of venom; a goblin corpse You now have 9 gold pieces.
You now have 20 gold pieces (gained 11).
j - an emerald potion
k - a scroll labelled MOITWE GIPHEN A scorpion comes into view.
A scorpion is nearby!
A scorpion is nearby!
Things that are here:
a +0 dagger; a +2 dagger of venom; a goblin corpse It was a potion of mutation.
You feel extremely strange.
You feel a little pissed off.
You feel robust.
Your toenails lengthen and sharpen.
The scorpion stings you.
It was a potion of degeneration.
There was something very wrong with that liquid.
You feel weakened.
You feel dopey.
You feel clumsy.
The scorpion stings you but does no damage.
Really quaff the potion of mutation?
You feel extremely strange.
You feel a little more calm.
Your talons dull and shrink into feet.
Your skin functions as natural camouflage.
You feel resistant to cold. The scorpion stings you. x2
You barely miss the scorpion. The scorpion stings you.
You are poisoned.
The scorpion poisons you!
You closely miss the scorpion.
You feel very sick. The scorpion stings you. The scorpion barely misses you.
You hit the scorpion but do no damage.
You feel sick.
The scorpion stings you but does no damage.
You barely miss the scorpion.
You feel sick. The scorpion stings you.
* * * LOW HITPOINT WARNING * * *
The scorpion stings you!
* * * LOW HITPOINT WARNING * * *
You are more poisoned.
The scorpion poisons you!
You barely miss the scorpion.
You die...

###.##........#####.###........
#.##.#####>..................
#.##.# #.#####..###........
#.##.# #.# #..###........
#.##.#####.# #...........##
#<##.....#.#####...........#
####..........##.......)...##
##....#..####......##.....
#....#..@s........##.....
#....#.#####......##.....
#....#.#####.............
#....#.).................
#....###############..... #....
#####. #. #. #.


You could see a scorpion.

Vanquished Creatures
  A dart slug (D:1)
  3 ball pythons (D:1)
  A bat (D:1)
  An endoplasm (D:1)
  2 giant cockroaches (D:1)
  2 goblins (D:2)
  A hobgoblin (D:1)
  4 jackals (D:1)
  2 quokkas (D:1)
  2 frilled lizards (D:1)
  2 kobolds (D:1)
  A rat (D:1)
22 creatures vanquished.

Notes
Turn   | Place    | Note
-------+----------+-------------------------------------------
     0 | D:1      | Infinimo the Ogre Gladiator began the quest for the Orb.
     0 | D:1      | Reached XP level 1. HP: 22/22 MP: 1/1
   149 | D:1      | Reached XP level 2. HP: 19/29 MP: 2/2
   617 | D:1      | Reached XP level 3. HP: 37/37 MP: 3/3
   883 | D:2      | Noticed a scorpion
   903 | D:2      | Gained mutation: You tend to lose your temper in combat.
                  | [potion of mutation]
   903 | D:2      | Gained mutation: You are robust. (+10% HP) [potion of
                  | mutation]
   903 | D:2      | Gained mutation: You have sharp toenails. [potion of
                  | mutation]
   905 | D:2      | Lost mutation: You tend to lose your temper in combat.
                  | [potion of mutation]
   905 | D:2      | Lost mutation: You have sharp toenails. [potion of
                  | mutation]
   905 | D:2      | Gained mutation: Your skin changes colour to match your
                  | surroundings (Stealth+). [potion of mutation]
   905 | D:2      | Gained mutation: Your flesh is cold resistant. (rC+)
                  | [potion of mutation]
   909 | D:2      | HP: 1/40 [scorpion (8)]
   910 | D:2      | Succumbed to a scorpion's poison

Illustrated notes

Levels and vault maps discovered:
D:1:      scummos_arrival_hexagon, layout_rooms
D:2:      layout_basic, basic_ecumenical_altar, basic_altar

Skill      XL: |  1  2 |
---------------+-------+-----
Fighting       | 3 |  3.2
Maces & Flails | 3 |  3.3
Dodging        | 3 |  3.0
Throwing       | |  2.0

Action                   || total
-------------------------++-------
Melee: Flail             ||    74
       Punch             ||     1
  Use: Potion            ||     3
 Stab: Sleeping          ||     1
Armor: Robe              ||    15
Dodge: Dodged            ||    52
